 Dungeon Crawl Stone Soup version 0.19.1-1-g22dce08 (webtiles) character file.

2392 N00B the Carver (level 9, -8/61 HPs)
             Began as a High Elf Berserker on Jan 1, 2017.
             Was an Elder of Trog.
             Mangled by a wight
             ... wielding a cursed +4 great sword of freezing
              (9 damage)
             ... on level 6 of the Dungeon.
             The game lasted 00:10:39 (6823 turns).

N00B the Carver (High Elf Berserker)                Turns: 6823, Time: 00:10:39

Health: -8/61      AC:  9    Str: 19    XL:     9   Next: 22%
Magic:  10/10      EV:  8    Int: 11    God:    Trog [****..]
Gold:   245        SH:  0    Dex: 16    Spells: 0 memorised, 8 levels left

rFire  . . .     SeeInvis +     C - +2 great sword
rCold  . . .     Gourm    .     q - +0 chain mail
rNeg   . . .     Faith    .     (shield currently unavailable)
rPois  .         Spirit   .     (no helmet)
rElec  .         Reflect  .     (no cloak)
rCorr  .         Harm     .     (no gloves)
MR     .....                    (no boots)
Stlth  ..........               (no amulet)
                                (no ring)
                                b - ring of see invisible

@: exhausted, slowed, drained, very slow
A: no striking features
a: Berserk, Trog's Hand, Brothers in Arms, Burn Spellbooks, Renounce Religion


You were on level 6 of the Dungeon.
You worshipped Trog.
Trog was greatly pleased with you.
You were very hungry.

You visited 1 branch of the dungeon, and saw 6 of its levels.
You also visited: Sewer.

You collected 245 gold pieces.

Inventory:

Hand Weapons
 p - the +8 whip of Uloujet {freeze, Str+4, unknown}
   (You found it on level 4 of the Dungeon)

   It has been specially enchanted to freeze those struck by it, causing extra
   injury to most foes and up to half again as much damage against particularly
   susceptible opponents.
   It can also slow down cold-blooded creatures.
   It affects your strength (+4).
 s - a +0 great sword
 t - the +6 dagger "Plog" {freeze, rPois Int+4 Dex-3 Stlth+, unknown}
   (You found it on level 4 of the Dungeon)

   It has been specially enchanted to freeze those struck by it, causing extra
   injury to most foes and up to half again as much damage against particularly
   susceptible opponents.
   It can also slow down cold-blooded creatures.
   It affects your intelligence (+4).
   It affects your dexterity (-3).
   It protects you from poison.
   It makes you more stealthy.
 C - a +2 great sword (weapon)
Armour
 q - a +0 chain mail (worn)
 v - the +2 buckler "Igeifamy" {Dex+4}
   (You found it on level 5 of the Dungeon)

   It affects your dexterity (+4).
Jewellery
 b - a ring of see invisible (left hand)
 i - an uncursed amulet of magic regeneration
Wands
 l - a wand of lightning (12/15)
 m - a wand of slowing (17/48)
 n - a wand of random effects (22/48)
Scrolls
 a - 5 scrolls of teleportation
 g - 3 scrolls of remove curse
 r - 2 scrolls of blinking
 y - a scroll of magic mapping
Potions
 d - a potion of lignification
 e - 2 potions of agility
 f - 2 potions of haste
 h - a potion of degeneration
 j - a potion of heal wounds
 k - a potion of resistance {unknown}
 o - a potion of magic {unknown}
 u - a potion of brilliance {unknown}
 x - 3 potions of curing {unknown}
Comestibles
 c - 2 bread rations
 A - 5 chunks of flesh
 B - a beef jerky


   Skills:
 + Level 5.2(4.3) Fighting
 * Level 12.8(11.8) Long Blades
 + Level 4.0(3.2) Armour
 + Level 2.9(2.0) Dodging


You had 8 spell levels left.
You didn't know any spells.

Dungeon Overview and Level Annotations

Branches:
Dungeon (6/15)             Temple (0/1) D:5

Altars:
Kikubaaqudgha
Nemelex Xobeh
Okawaru
Xom


Message History

You feel drained. The wight freezes you.
Unknown command.
You slash the wight!
The wight is severely damaged.
You are no longer berserk.
You are exhausted.
You feel yourself slow down. The wight hits you with a halberd.
You feel drained.
Unknown command.
You slice the wight!!
You destroy the wight!
Trog accepts your kill.
The wight hits you with a great sword of freezing!
* * * LOW HITPOINT WARNING * * *
You feel drained.
* * * LOW HITPOINT WARNING * * *
The wight freezes you.
* * * LOW HITPOINT WARNING * * *
The wight hits you with a great sword of freezing!
You die...

.........'.........'.).....##
*,*
#.#...####†........##)#...##
*,* #.#..##
##.......###.##[##****,*
#...##
##.....####.##........* ###.#
##...## #)..#########* **#.#
##+## #.......# ,,..# #,*
#...###.# ***.# ##.#########
#.# *,* ******#..)@))..# #.#
*,* *,,......z####.# #.#
*,***,*.##...l,* #.# #.#
*,,,,,,,,#....####.#####)#
*****,,,.....#...........#
*,,..#..##.###.#######
*,,.,..........#
****############


You could see a wight and a leopard gecko.

Vanquished Creatures
  Prince Ribbit (D:6)
  3 ice beasts
  An ogre (D:6)
  2 phantoms (D:4)
  A centaur (D:6)
  Blork the orc (D:5)
  A wyvern skeleton (D:6)
  6 scorpions (D:4)
  3 killer bees (D:6)
  A water moccasin skeleton (D:4)
  A howler monkey (D:5)
  8 wights (D:6)
  3 crimson imps (D:5)
  A bullfrog skeleton (D:5)
  A centaur skeleton (D:4)
  A hound (D:6)
  2 iguanas
  4 worker ants
  A killer bee zombie (D:6)
  9 adders
  3 gnolls (D:3)
  A river rat (D:6)
  2 shadow imps (D:6)
  4 oozes
  2 worms
  A dart slug (D:3)
  6 leopard geckos
  9 orcs
  7 ball pythons
  11 bats
  11 giant cockroaches
  6 hobgoblins
  10 jackals
  2 quokkas
  7 frilled lizards
  5 goblins
  A jackal skeleton (D:4)
  14 kobolds
  8 rats
  3 plants (Sewer)
164 creatures vanquished.

Notes
Turn   | Place    | Note
-------+----------+-------------------------------------------
     0 | D:1      | N00B the High Elf Berserker began the quest for the Orb.
     0 | D:1      | Reached XP level 1. HP: 16/16 MP: 2/2
   179 | D:1      | Reached skill level 4 in Long Blades
   179 | D:1      | Reached XP level 2. HP: 21/21 MP: 3/3
   933 | D:2      | Reached XP level 3. HP: 24/26 MP: 4/4
  1364 | D:2      | Reached skill level 5 in Long Blades
  1855 | D:2      | Found a sparkling altar of Nemelex Xobeh.
  1943 | D:3      | Reached XP level 4. HP: 27/31 MP: 5/5
  2105 | D:3      | Reached ** piety under Trog
  2147 | D:3      | Found a faded altar of an unknown god.
  2867 | D:3      | Reached skill level 6 in Long Blades
  2980 | D:3      | Reached XP level 5. HP: 36/36 MP: 6/6
  3591 | D:4      | Noticed a phantom
  3605 | D:4      | Killed a phantom
  3605 | D:4      | Reached skill level 7 in Long Blades
  3605 | D:4      | Reached XP level 6. HP: 43/43 MP: 7/7
  3800 | D:4      | Got a crystal whip
  3899 | D:4      | Got an ichor-stained dagger
  3907 | D:4      | Reached skill level 8 in Long Blades
  3907 | D:4      | Reached XP level 7. HP: 46/48 MP: 8/8
  4032 | D:4      | Reached skill level 9 in Long Blades
  4040 | D:4      | Reached *** piety under Trog
  4188 | D:4      | Found an ancient bone altar of Kikubaaqudgha.
  4439 | D:5      | Entered Level 5 of the Dungeon
  4439 | D:5      | Found a staircase to the Ecumenical Temple.
  4470 | D:5      | Reached skill level 10 in Long Blades
  4571 | D:5      | Reached XP level 8. HP: 46/54 MP: 9/9
  4773 | D:5      | Noticed Blork the orc
  4782 | D:5      | Killed Blork the orc
  5024 | D:5      | Found a shimmering altar of Xom.
  5046 | D:5      | Got a fine buckler
  5234 | D:5      | Identified the +2 buckler "Igeifamy" {Dex+4} (You found it on level 5 of the Dungeon)
  5316 | D:6      | Found an iron altar of Okawaru.
  5329 | D:6      | Reached skill level 11 in Long Blades
  5343 | D:6      | Noticed Prince Ribbit
  5469 | D:6      | Found a glowing drain.
  5473 | Sewer    | Entered a sewer
  6381 | D:6      | Killed Prince Ribbit
  6484 | D:6      | Reached skill level 5 in Fighting
  6518 | D:6      | Reached skill level 12 in Long Blades
  6610 | D:6      | Reached XP level 9. HP: 61/61 MP: 10/10
  6744 | D:6      | Reached **** piety under Trog
  6823 | D:6      | HP: 3/61 [wight/great sword of freezing (2)]
  6823 | D:6      | HP: 1/61 [wight/great sword of freezing (2)]
  6823 | D:6      | Mangled by a wight

Skill      XL: |  1  2  3  4  5  6  7  8  9 |
---------------+----------------------------+-----
Long Blades    | 4 5 6 7 8 10 12 | 12.8
Armour         | 2 3 4 |  4.0
Fighting       | 4 5 |  5.2
Dodging        | |  2.9

Action                   |  1- 3 |  4- 6 |  7- 9 || total
-------------------------+-------+-------+-------++-------
Melee: Falchion          |    75 |       |       ||    75
       Long sword        |    30 |    58 |       ||    88
       Great sword       |       |    87 |   302 ||   389
Invok: Berserk           |       |     3 |     5 ||     8
       Burn Spellbooks   |       |       |     1 ||     1
  Use: Potion            |     1 |       |       ||     1
       Scroll            |       |     8 |     7 ||    15
 Stab: Sleeping          |     2 |       |       ||     2
       Held in net/web   |       |       |     1 ||     1
  Eat: Chunk             |     1 |     3 |     4 ||     8
       Meat ration       |     1 |     1 |     1 ||     3
       Royal jelly       |       |     1 |       ||     1
       Pizza             |       |       |     1 ||     1
Armor: Animal skin       |    14 |       |       ||    14
       Ring mail         |     1 |     8 |       ||     9
       Skin              |     1 |       |       ||     1
       Chain mail        |       |    70 |   143 ||   213
Dodge: Dodged            |    71 |    78 |   115 ||   264
       Rpst.: Falchion   |    13 |       |       ||    13
       Long sword        |     6 |    11 |       ||    17
       Great sword       |       |    11 |    45 ||    56
